 Dungeon Crawl Stone Soup version 0.32-a0-450-g080537f31e (webtiles) character file.

Game seed: 12196439759395385653

8350 ezpacito the Trooper (level 11, 0/83 HPs)
             Began as a Demonspawn Chaos Knight on Feb 24, 2024.
             Was a Plaything of Xom.
             Succumbed to a gnoll sergeant's poison
             ... on level 10 of the Dungeon.
             The game lasted 00:16:39 (9120 turns).

ezpacito the Trooper (Demonspawn Chaos Knight)      Turns: 9120, Time: 00:16:40

Health: 0/83       AC: 19    Str: 14 (15) XL:     11   Next: 8%
Magic:  1/18       EV: 11    Int: 12      God:    Xom [......]
Gold:   1484       SH:  0    Dex: 15      Spells: 1/20 levels left

rFire   . . .        u - +2 lajatang (chaos)
rCold   . . .        (shield currently unavailable)
rNeg    . . .        H - +2 scale mail {Will+}
rPois   +            (no helmet)
rElec   .            J - +0 cloak
rCorr   .            (gloves unavailable)
SInv    .            (no boots)
Will    +++..        f - amulet of guardian spirit
Stlth   +            x - ring of poison resistance
HPRegen 0.33/turn    i - ring of willpower
MPRegen 0.16/turn

%: guardian spirit
@: lethally poisoned (0 -> -1), sanguine armoured, enlightened, flying, very
slightly contaminated
A: powered by death 1, sanguine armour 2, bedeviling, demonic touch 3, talons 2,
screaming 1
a: Renounce Religion


You were on level 10 of the Dungeon.
You worshipped Xom.
You were a very special plaything of Xom.
You visited 2 branches of the dungeon, and saw 11 of its levels.

You collected 1484 gold pieces.

Inventory:

Hand Weapons
 a - a +0 hand axe of chaos
 p - a +0 battleaxe
 u - a +2 lajatang of chaos (weapon)
 B - a +0 broad axe
 G - a +3 war axe of electrocution
Missiles
 e - 4 throwing nets
 h - 50 poisoned darts (quivered)
 l - 4 curare-tipped darts
 s - 5 silver javelins
 w - 20 boomerangs
 K - 5 atropa-tipped darts
Armour
 r - a +0 pair of boots
 A - a +2 crystal plate armour
 H - a +2 scale mail of willpower (worn)
 J - a +0 cloak (worn)
Jewellery
 f - an amulet of guardian spirit (around neck)
 i - a ring of willpower (right hand)
 m - a +6 ring of dexterity
 x - a ring of poison resistance (left hand)
Talismans
 j - a blade talisman
 y - a maw talisman
 D - a flux talisman
Wands
 n - a wand of mindburst (17)
 t - a wand of roots (6)
 I - a wand of paralysis (10)
Scrolls
 b - 2 scrolls of teleportation
 k - a scroll of amnesia {unknown}
 v - 2 scrolls of revelation
 z - 3 scrolls of noise {unknown}
 C - a scroll of vulnerability {unknown}
 E - a scroll of fog {unknown}
Potions
 c - a potion of lignification
 q - 3 potions of attraction


   Skills:
 * Level 6.6 Fighting
 * Level 6.0 Axes
 + Level 0.4(3.7) Polearms
 + Level 0.5(0.6) Staves
 + Level 3.5 Throwing
 * Level 5.8 Armour
 * Level 5.4 Dodging
 + Level 4.0 Stealth
 * Level 5.3 Unarmed Combat
 * Level 5.0 Spellcasting
 + Level 2.9 Conjurations
 + Level 1.8 Hexes
 + Level 2.6 Summonings
 * Level 3.3 Necromancy
 + Level 2.8 Alchemy
 + Level 1.5 Evocations


You had one spell level left.
You knew the following spells:

 Your Spells              Type           Power      Damage    Failure   Level
a - Hailstorm             Conj/Ice       6%         3d5       77%         3
b - Summon Ice Beast      Ice/Summ       6%         N/A       78%         3
c - Sculpt Simulacrum     Ice/Alch       3%         N/A       100%        6
d - Slow                  Hex            44%        N/A       34%         1
e - Vampiric Draining     Necr           11%        2d6       50%         3
f - Confusing Touch       Hex            11%        N/A       71%         3

Your spell library contained the following spells:

 Spells                   Type           Power      Damage    Failure   Level
 Sigil of Binding         Hex            11%        N/A       71%         3
 Gell's Gravitas          Tloc           3%         N/A       91%         3
 Teleport Other           Tloc           3%         N/A       91%         3
 Dispersal                Tloc           1%         N/A       100%        6


Dungeon Overview and Level Annotations

Branches:
Dungeon (10/15)            Temple (1/1) D:6            Lair (0/5) D:10
    Orc (0/2) D:9

Altars:
Ashenzari
Cheibriados
Dithmenos
Fedhas
Gozag
Kikubaaqudgha
Makhleb
Nemelex Xobeh
Okawaru
Qazlal
Ru
Sif Muna
Trog
Uskayaw
Vehumet
Wu Jian
Xom
Yredelemnul
Beogh

Shops:
D:9 (

Annotations:
D:3 3 runed translucent doors, CougarLife's ghost, amateur GrEE
D:7 3 runed translucent doors, scarr's ghost, novice TeRe


Innate Abilities, Weirdness & Mutations

You regenerate a little health from kills.
When seriously injured, your blood forms thick armour. (AC +9)
Your hexes are more powerful.
Your touch may irresistibly damage your foes and sap their willpower.
You have razor-sharp toenails.
You occasionally shout uncontrollably at your foes.


Message History

You feel sick.
The gnoll sergeant hits you but does no damage.
As you read the scroll of teleportation, it crumbles to dust.
You feel strangely unstable.
You feel sick.
The gnoll sergeant hits you from afar with a +0 trident.
* * * LOW HITPOINT WARNING * * *
Okay, then.
As you read the scroll labelled OBBUIG HEOSOWK, it crumbles to dust.
You feel a surge of unholy energy.
The gnoll sergeant convulses!
The jackal convulses!
It was a scroll of torment.
* * * LOW HITPOINT WARNING * * *
You feel sick.
The gnoll sergeant hits you but does no damage.
As you read the scroll labelled TUONATRYUSU, it crumbles to dust.
The creatures around you are filled with an inner flame!
It was a scroll of immolation.
Your surroundings suddenly seem different.
A wyvern comes into view.
Found a scroll of identify.
* * * LOW HITPOINT WARNING * * *
You feel sick.
Okay, then.
Casting: Vampiric Draining (dangerous; 50% risk of failure)
Confirm with . or Enter, or press ? or * to list all spells.
Aiming: Vampiric Draining (dangerous; 50% risk of failure)
Press: ? - help, Shift-Dir - straight line Out of range.
Okay, then.
* * * LOW HITPOINT WARNING * * *
You feel sick.
Casting: Vampiric Draining (dangerous; 50% risk of failure)
Confirm with . or Enter, or press ? or * to list all spells.
Aiming: Vampiric Draining (dangerous; 50% risk of failure)
Press: ? - help, Shift-Dir - straight line, f - wyvern
Aim: a wyvern (asleep)
You miscast Vampiric Draining.
You are very lightly contaminated with residual magic.
Nothing appears to happen.
You die...
Xom chuckles heartily!

#...... ##############.. ##
##...... .<5.............
............ .5..............
#............ ................##
#.............
.>...............##..............
.................................
...............k.................
..>.............@.........##.....
.....!.........?......... ##....
........................# ##...
........................# ##...
......$.................. +#....
...#.#########.......... #..#.
###...... ## #. #...... #......


You could see a wyvern (asleep).

Vanquished Creatures
  A kobold demonologist (D:10)
  2 trolls
  3 dream sheep (D:8)
  A shadow (D:10)
  A wyvern (D:10)
  8 yaks
  A steam dragon (D:10)
  Duvessa (D:4)
  2 water moccasins
  A sky beast (D:8)
  2 black bears
  5 ice beasts
  An orc warrior (D:6)
  An ogre (D:4)
  3 phantoms
  8 kobold brigands
  A bullfrog (D:6)
  A gnoll sergeant (D:10)
  2 scorpions (D:5)
  5 wights (D:9)
  Dowan (D:4)
  10 killer bees
  An electric eel (D:10)
  3 howler monkeys (D:8)
  2 bombardier beetles
  3 hounds
  A jelly (D:8)
  5 orc priests
  Jessica (D:3)
  2 iguanas (D:5)
  10 orc wizards
  Terence (D:3)
  21 gnolls
  7 adders
  A shadow imp (D:7)
  2 white imps
  2 ufetubi (D:6)
  A dart slug (D:4)
  2 ribbon worms
  44 orcs
  6 bats
  11 endoplasms
  A giant cockroach (D:2)
  7 goblins
  8 hobgoblins
  5 jackals
  5 quokkas
  5 ball pythons
  3 frilled lizards
  23 kobolds
  4 rats
248 creatures vanquished.

Vanquished Creatures (collateral kills)
  Maurice (D:8)
  A gargoyle (D:10)
  2 yaks (D:9)
  An ogre (D:4)
  5 wights (D:8)
  An orc wizard (D:4)
  An orc (D:4)
  A kobold (D:9)
13 creatures vanquished.

Vanquished Creatures (others)
  An eldritch tentacle (D:9)
  A killer bee (D:8)
  A gnoll bouda (D:8)
  A hobgoblin (D:4)
  A jackal (D:10)
5 creatures vanquished.

Grand Total: 266 creatures vanquished

Notes
Turn   | Place    | Note
-------+----------+-------------------------------------------
     0 | D:1      | ezpacito the Demonspawn Chaos Knight began the quest for
                  | the Orb.
     0 | D:1      | Reached XP level 1. HP: 18/18 MP: 1/1
   150 | D:1      | Reached skill level 1 in Dodging
   171 | D:1      | XOM: silly message
   211 | D:1      | XOM: butterfly on damage
   214 | D:1      | Gained mutation: Your touch may inflict minor irresistible
                  | damage on your foes. [demonic ancestry]
   214 | D:1      | Reached XP level 2. HP: 19/24 MP: 2/2
   266 | D:1      | XOM: smoke on damage
  1035 | D:2      | XOM: noise
  1117 | D:2      | XOM: noise
  1182 | D:2      | Gained mutation: Your touch may inflict irresistible damage
                  | on your foes. [demonic ancestry]
  1182 | D:2      | Reached XP level 3. HP: 29/29 MP: 4/4
  1207 | D:2      | XOM: noise
  1515 | D:2      | Reached skill level 1 in Unarmed Combat
  1854 | D:2      | XOM: silly message
  2007 | D:3      | Noticed Terence
  2012 | D:3      | Killed Terence
  2013 | D:3      | Reached skill level 1 in Spellcasting
  2013 | D:3      | Reached XP level 4. HP: 35/35 MP: 5/5
  2054 | D:3      | Noticed Jessica
  2073 | D:3      | Killed Jessica
  2278 | D:3      | Noticed a phantom
  2283 | D:3      | Reached XP level 5. HP: 41/41 MP: 5/7
  2297 | D:3      | Killed a phantom
  2298 | D:3      | Reached skill level 1 in Stealth
  2346 | D:3      | Found a runed translucent gate.
  2346 | D:3      | Noticed CougarLife's ghost (amateur GrEE)
  2507 | D:3      | XOM: silly message
  2629 | D:3      | XOM: divination: magic mapping
  2841 | D:3      | Found a runed translucent gate.
  2842 | D:3      | Found a runed translucent gate.
  2844 | D:3      | Found a roughly hewn altar of Beogh.
  2897 | D:4      | Found a bloodstained altar of Trog.
  2905 | D:4      | Reached skill level 1 in Throwing
  2985 | D:4      | Gained mutation: When seriously injured, your blood forms
                  | armour. (AC +9) [demonic ancestry]
  2985 | D:4      | Reached XP level 6. HP: 46/48 MP: 8/8
  3010 | D:4      | XOM: potion effect (haste)
  3028 | D:4      | XOM: silly message
  3073 | D:4      | Noticed Dowan
  3074 | D:4      | Noticed Duvessa
  3083 | D:4      | Killed Duvessa
  3090 | D:4      | Killed Dowan
  3091 | D:4      | Gained mutation: You regenerate a little health from kills.
                  | [demonic ancestry]
  3091 | D:4      | Reached XP level 7. HP: 22/54 MP: 8/10
  3197 | D:4      | XOM: god gift: 973 gold pieces
  3863 | D:4      | XOM: god gift: lumpy blue potion {god gift}
  3930 | D:5      | Entered Level 5 of the Dungeon
  4009 | D:5      | XOM: summons friendly quasit
  4133 | D:5      | Gained mutation: Your touch may irresistibly damage your
                  | foes and sap their willpower. [demonic ancestry]
  4133 | D:5      | Reached XP level 8. HP: 61/61 MP: 12/12
  4133 | D:5      | XOM: 2-stop teleportation journey
  4391 | D:5      | Learned a level 3 spell: Hailstorm
  4395 | D:5      | Learned a level 3 spell: Summon Ice Beast
  4402 | D:5      | Learned a level 6 spell: Sculpt Simulacrum
  4565 | D:5      | XOM: give mutations
  4565 | D:5      | Gained mutation: You have sharp toenails. [Xom's mischief]
  4565 | D:5      | Gained mutation: You occasionally shout uncontrollably at
                  | your foes. [Xom's mischief]
  4565 | D:5      | Gained mutation: You have razor-sharp toenails. [Xom's
                  | mischief]
  4912 | D:6      | XOM: god gift: boomerang
  5045 | D:6      | Reached skill level 5 in Fighting
  5103 | D:6      | Reached skill level 1 in Conjurations
  5113 | D:6      | Reached skill level 1 in Summonings
  5232 | D:6      | Found a staircase to the Ecumenical Temple.
  5257 | Temple   | Entered the Ecumenical Temple
  5354 | D:6      | Reached skill level 1 in Alchemy
  5554 | D:6      | Gained mutation: When seriously injured, your blood forms
                  | thick armour. (AC +9) [demonic ancestry]
  5554 | D:6      | Reached XP level 9. HP: 63/68 MP: 12/14
  5881 | D:7      | XOM: god gift: scroll of enchant armour
  5932 | D:7      | You fall into a shaft and drop 3 floors!
  5932 | D:10     | Entered Level 10 of the Dungeon
  5933 | D:10     | Noticed a troll
  5941 | D:10     | XOM: summons 6 friendly demons
  5947 | D:10     | Killed a troll
  6115 | D:8      | XOM: summons friendly white imp
  6117 | D:8      | XOM: cast spell 'Summon Hydra'
  6125 | D:8      | Reached skill level 5 in Axes
  6132 | D:8      | Reached skill level 5 in Armour
  6169 | D:7      | Found a hide-covered altar of Uskayaw.
  6340 | D:7      | Learned a level 1 spell: Slow
  6344 | D:7      | Learned a level 3 spell: Vampiric Draining
  6370 | D:7      | Found a runed translucent gate.
  6370 | D:7      | Found a runed translucent gate.
  6371 | D:7      | Noticed scarr's ghost (novice TeRe)
  6372 | D:7      | Found a runed translucent gate.
  6429 | D:7      | XOM: noise
  6513 | D:7      | XOM: silly message
  6729 | D:8      | XOM: divination: magic mapping
  6855 | D:8      | XOM: scenery: summon butterflies
  7015 | D:8      | Reached XP level 10. HP: 76/76 MP: 14/16
  7187 | D:8      | Reached skill level 1 in Necromancy
  7191 | D:8      | XOM: confuse monster(s)
  7203 | D:8      | XOM: silly message
  7239 | D:8      | XOM: noise
  7304 | D:8      | Found a broken altar of Ashenzari.
  7304 | D:8      | Found a radiant altar of Vehumet.
  7479 | D:8      | Noticed Maurice
  7484 | D:8      | Maurice stole 12 boomerangs
  7490 | D:8      | Killed Maurice
  7491 | D:8      | Reached skill level 5 in Dodging
  7687 | D:8      | Found a snail-covered altar of Cheibriados.
  7771 | D:9      | Reached skill level 1 in Hexes
  7855 | D:9      | XOM: cast spell 'Malign Gateway'
  7860 | D:9      | Reached skill level 5 in Unarmed Combat
  7860 | D:9      | Found a staircase to the Orcish Mines.
  7907 | D:9      | Reached skill level 1 in Evocations
  8047 | D:9      | XOM: 1-stop teleportation journey
  8084 | D:9      | XOM: divination: magic mapping
  8090 | D:9      | XOM: blink monster(s)
  8092 | D:9      | XOM: divination: magic mapping
  8194 | D:9      | XOM: 1-stop teleportation journey
  8221 | D:9      | Found Heiroit's Weapon Emporium.
  8258 | D:9      | XOM: smoke on damage
  8271 | D:9      | XOM: cloud trail
  8580 | D:10     | Found a staircase to the Lair.
  8610 | D:10     | XOM: god gift: +2 lajatang of chaos
  8668 | D:10     | XOM: enchant monster (good)
  8670 | D:10     | Noticed a gargoyle
  8686 | D:10     | XOM: summons 2 friendly demons
  8698 | D:10     | Killed a gargoyle
  8699 | D:10     | Reached skill level 5 in Spellcasting
  8699 | D:10     | Gained mutation: Your hexes are more powerful. [demonic
                  | ancestry]
  8699 | D:10     | Reached XP level 11. HP: 44/83 MP: 8/18
  8796 | D:10     | XOM: cloud trail
  8801 | D:10     | Learned a level 3 spell: Confusing Touch
  8817 | D:10     | XOM: scenery: summon butterflies
  8868 | D:10     | XOM: silly message
  8896 | D:10     | XOM: polymorph gnoll -> wyvern
  8937 | D:10     | XOM: polymorph gnoll -> steam dragon
  9045 | D:10     | XOM: stat loss: -1 Str (14/15)
  9105 | D:10     | XOM: blink monster(s)
  9116 | D:10     | HP: 3/83 [gnoll sergeant/+0 trident (3)]
  9119 | D:10     | HP: 1/83 [poisoned by a gnoll sergeant]
  9120 | D:10     | Succumbed to a gnoll sergeant's poison

Illustrated notes

Levels and vault maps discovered:
D:1:      minmay_arrival_split_and_join, layout_basic
D:2:      layout_loops_corners
D:3:      layout_loops_ring, biasface_ghost_orc_armoury, chequers_arboretum,
          uniq_jessica, uniq_terence
D:4:      layout_loops_ring, trog_butcher_becter, uniq_duvessa
D:5:      layout_basic
D:6:      layout_rooms, minmay_temple_entry_tees
D:7:      layout_loops_ring, mainiacjoe_overflow_catwalk,
          ebering_ghost_rock_garden
D:8:      layout_loops_cross, gammafunk_temple_overflow_elements, slow_altar_2,
          grunt_decor_cap, dreamdust_gnoll_shepherd, uniq_maurice
D:9:      layout_irregular_city, serial_shops, nicolae_shop_advertising_works
          [nicolae_subvault_shop_adworks]
D:10:     layout_cross, nicolae_hepliaklqana_hazy_memory, lair_entry_dummy,
          serial_gnoll_camp, gnoll_camp_mini_hut, gnoll_camp_mini_hut,
          gnoll_camp_huts_moat, gnoll_camp_medium_02, gnoll_camp_mini_sergeant
Temple:   eino_temple_scatter_basement

Skill      XL: |  1  2  3  4  5  6  7  8  9 10 11 |
---------------+----------------------------------+-----
Dodging        | 1 2 3 4 5 |  5.4
Armour         | 2 3 4 5 |  5.8
Unarmed Combat | 1 2 3 4 5 |  5.3
Spellcasting   | 1 2 3 4 5 |  5.0
Axes           | 3 4 5 6 |  6.0
Stealth        | 1 2 3 4 |  4.0
Throwing       | 1 2 3 |  3.5
Fighting       | 4 5 6 |  6.6
Conjurations   | 1 2 |  2.9
Summonings     | 1 2 |  2.6
Alchemy        | 1 2 |  2.8
Necromancy     | 3 |  3.3
Hexes          | 1 |  1.8
Evocations     | 1 |  1.5
Polearms       | |  0.4
Staves         | |  0.5

Action                     |  1- 3 |  4- 6 |  7- 9 | 10-12 || total
---------------------------+-------+-------+-------+-------++-------
  Melee: Hand axe          |   106 |   105 |   306 |   160 ||   677
         Touch             |    15 |    22 |    58 |    30 ||   125
         Kick              |       |       |    57 |    92 ||   149
         Lajatang          |       |       |       |    75 ||    75
  Evoke: Wand              |       |       |       |     1 ||     1
    Use: Potion            |     1 |     2 |     4 |     6 ||    13
         Scroll            |       |     1 |    11 |     6 ||    18
   Stab: Confused          |       |     1 |     1 |     2 ||     4
         Paralysed         |       |       |     1 |     1 ||     2
         Distracted        |       |       |     1 |     2 ||     3
 Armour: Leather armour    |    64 |       |       |       ||    64
         Scale mail        |       |    66 |   205 |   252 ||   523
         Skin              |       |       |       |    11 ||    11
  Dodge: Dodged            |    90 |    43 |   155 |   186 ||   474

Table legend: (Time is in decaauts)
 A = Elapsed time spent in this place.
 B = Non-inter-level travel time spent in this place.
 C = Inter-level travel time spent in this place.
 D = Time resting spent in this place.
 E = Time spent auto-exploring this place.
 F = Levels seen in this place.
 G = Mean time per level.
                   A        B        C        D        E       F      G
               +--------+--------+--------+--------+--------+-----+--------+
         Total |   9172 |   8614 |    558 |    346 |   6279 |  11 |  833.8 |
       Dungeon |   9171 |   8613 |    558 |    346 |   6279 |  10 |  917.1 |
        Temple |      1 |      1 |      0 |      0 |      0 |   1 |    1.0 |
               +--------+--------+--------+--------+--------+-----+--------+

Top non-repeatable levels by time:
     D:8: 1105 daAuts
     D:1: 1026 daAuts
     D:4: 1024 daAuts
     D:3: 991 daAuts
     D:5: 957 daAuts
     D:7: 928 daAuts
     D:9: 927 daAuts
     D:2: 905 daAuts
     D:6: 710 daAuts
    D:10: 594 daAuts
  Temple: 1 daAuts
